 Dungeon Crawl Stone Soup version 0.31-a0-43-g46d131a48f (webtiles) character file.

Game seed: 16511348999449561560

2 lunkers the Digger (level 1, 0/19 HPs)
             Began as a Meteoran Wanderer on May 18, 2023.
             Slain by a jackal (2 damage)
             ... on level 1 of the Dungeon.
             The game lasted 00:01:44 (40 turns).

lunkers the Digger (Meteoran Wanderer)                Turns: 40, Time: 00:01:45

Health: 0/19       AC:  3    Str: 18    XL:     1   Next: 57%
Magic:  3/3        EV: 11    Int: 12    God:
Gold:   10         SH:  0    Dex:  9    Spells: 1/2 levels left

rFire   . . .        a - +0 dagger
rCold   . . .        (no shield)
rNeg    . . .        e - +0 leather armour
rPois   .            (no helmet)
rElec   .            (no cloak)
rCorr   .            (no gloves)
SInv    .            (no boots)
Will    .....        (no amulet)
Stlth   +            (no ring)
HPRegen 0.23/turn    (no ring)
MPRegen 0.08/turn

%: no passive effects
@: glowing
A: sense surroundings 1, otherworldly, glowing, explore regen
a: no special abilities


You were on level 1 of the Dungeon.
You visited 1 branch of the dungeon, and saw 1 of its levels.

You collected 10 gold pieces.

Inventory:

Hand Weapons
 a - a +0 dagger (weapon)
Missiles
 b - 8 poisoned darts
Armour
 e - a +0 leather armour (worn)
Scrolls
 c - a scroll of vulnerability
 f - a scroll of immolation {unknown}
Potions
 d - a potion of might


   Skills:
 - Level 3.2 Fighting
 * Level 0.9 Short Blades
 - Level 2.4 Throwing
 - Level 1.2 Armour
 - Level 1.3 Spellcasting
 - Level 3.6 Earth Magic


You had one spell level left.
You knew the following spells:

 Your Spells              Type           Power      Damage    Failure   Level
a - Sandblast             Erth           18%        2d7       8%          1

Your spell library contained the following spells:

 Spells                   Type           Power      Damage    Failure   Level
 Passwall                 Tmut/Erth      4%         N/A       26%         2
 Leda's Liquefaction      Hex/Erth       2%         N/A       86%         4


Dungeon Overview and Level Annotations

Branches:
Dungeon (1/15) Zot: 559

Altars:


Innate Abilities, Weirdness & Mutations

You passively map a small area around you.
You are easily found by Zot.
You glow in the dark.
You regain HP and MP as you explore.


Message History

* * * LOW HITPOINT WARNING * * *
You hit the jackal but do no damage. The jackal closely misses you.
The jackal barely misses you.
The jackal bites you but does no damage.
The jackal barely misses you.
You hit the jackal but do no damage.
The jackal bites you but does no damage. x2
The jackal bites you.
* * * LOW HITPOINT WARNING * * *
The jackal barely misses you.
The jackal bites you but does no damage.
You hit the jackal but do no damage. The jackal bites you.
* * * LOW HITPOINT WARNING * * *
The jackal closely misses you. x2
You closely miss the jackal.
The jackal bites you but does no damage. x3
The jackal bites you.
* * * LOW HITPOINT WARNING * * *
The jackal misses you.
The jackal bites you but does no damage.
You hit the jackal but do no damage. The jackal closely misses you.
The jackal bites you.
* * * LOW HITPOINT WARNING * * *
The jackal bites you.
* * * LOW HITPOINT WARNING * * *
Okay, then.
You barely miss the jackal. The jackal closely misses you.
The jackal bites you.
* * * LOW HITPOINT WARNING * * *
The jackal bites you but does no damage.
You barely miss the jackal.
The jackal bites you but does no damage.
The jackal barely misses you. The jackal bites you.
* * * LOW HITPOINT WARNING * * *
The jackal bites you but does no damage.
The jackal barely misses you. x2
You hit the jackal.
The jackal is moderately wounded.
The jackal bites you.
You die...

##### #...##
################h.#
#.............>@#.#*
#..#..#..#..#.hh#..#
#...............##h#
#...............# .#
#<............>.# .#
#...............# r
#...............#* #
* *
#..#..#..#..#...#
#.............>..#


You could see 3 jackals.

Vanquished Creatures
  2 jackals (D:1)
2 creatures vanquished.

Notes
Turn   | Place    | Note
-------+----------+-------------------------------------------
     0 | D:1      | lunkers the Meteoran Wanderer began the quest for the Orb.
     0 | D:1      | lunkers set off with the following items: a +0 dagger, 8
                  | poisoned darts, a scroll of vulnerability, a potion of
                  | might, a +0 leather armour; and the following spell
                  | memorised: Sandblast; and the following spells available to
                  | memorise: Passwall, Leda's Liquefaction.
     0 | D:1      | Reached XP level 1. HP: 19/19 MP: 3/3
    40 | D:1      | Slain by a jackal

Illustrated notes

Levels and vault maps discovered:
D:1:      lemuel_arrival_broad_hall, layout_rooms

Action                     || total
---------------------------++-------
  Melee: Dagger            ||    20
 Armour: Leather armour    ||    19
  Dodge: Dodged            ||    24

Table legend: (Time is in decaauts)
 A = Elapsed time spent in this place.
 B = Non-inter-level travel time spent in this place.
 C = Inter-level travel time spent in this place.
 D = Time resting spent in this place.
 E = Time spent auto-exploring this place.
 F = Levels seen in this place.
 G = Mean time per level.
                   A        B        C        D        E       F      G
               +--------+--------+--------+--------+--------+-----+--------+
         Total |     39 |     39 |      0 |      0 |     11 |   1 |   39.0 |
       Dungeon |     39 |     39 |      0 |      0 |     11 |   1 |   39.0 |
               +--------+--------+--------+--------+--------+-----+--------+

Top non-repeatable levels by time:
     D:1: 39 daAuts
